3L
CAPITAL DISTRICT RED KNIGHTS @ MONTANA PANDAS
07/04/2025
 
TOP OF THE 1ST
Capital District Red Knights batting - Pitching for Montana Pandas : RHP Sexto Rodríguez
Pitching: RHP Sexto Rodríguez
Batting: SHB Joreão Canosa 0-0: Foul Ball, location: 2F
0-1: Foul Ball, location: 2F
0-2: Ball
1-2: Fly out, F7 (Flyball, 7)
Batting: RHB José Paz 0-0: Ground out 5-3 (Groundball, 56S)
Batting: RHB Sergio Ortíz 0-0: Called Strike
0-1: Ground out 4-3 (Groundball, 4)
Top of the 1st over - 0 run(s), 0 hit(s), 0 error(s), 0 left on base; Capital District 0 - Montana 0
BOTTOM OF THE 1ST
Montana Pandas batting - Pitching for Capital District Red Knights : LHP Luis Peña
Pitching: LHP Luis Peña
Batting: LHB Chris Etheridge 0-0: Fly out, F9 (Line Drive, 9)
Batting: RHB Gabriel Maldonado 0-0: Called Strike
0-1: DOUBLE (Flyball, 7LM)
Batting: SHB Mauro López 0-0: Called Strike
0-1: Ball
1-1: Ball
2-1: Ground out 4-3 (Groundball, 4)
Gabriel Maldonado to third
Batting: LHB Mario Cruz 0-0: Ball
1-0: Called Strike
1-1: Ball
2-1: Swinging Strike
2-2: Fly out, F5 (Popup, 56)
Bottom of the 1st over - 0 run(s), 1 hit(s), 0 error(s), 1 left on base; Capital District 0 - Montana 0
TOP OF THE 2ND
Capital District Red Knights batting - Pitching for Montana Pandas : RHP Sexto Rodríguez
Batting: RHB Chris Costa 0-0: Ball
1-0: Called Strike
1-1: Ball
2-1: Fly out, F8 (Flyball, 78M)
Batting: LHB Mike Cook 0-0: Ball
1-0: Ground out 6-3 (Groundball, 6)
Batting: RHB Alfonso Enríquez 0-0: Ball
1-0: Ground out 6-3 (Groundball, 6M)
Top of the 2nd over - 0 run(s), 0 hit(s), 0 error(s), 0 left on base; Capital District 0 - Montana 0
BOTTOM OF THE 2ND
Montana Pandas batting - Pitching for Capital District Red Knights : LHP Luis Peña
Batting: LHB Andrés Chávez 0-0: Ball
1-0: Called Strike
1-1: Called Strike
1-2: Fly out, F5 (Line Drive, 5S)
Batting: RHB Mario Piña 0-0: Called Strike
0-1: Foul Ball, location: 2F
0-2: Ball
1-2: Foul Ball, location: 2F
1-2: Ground out 3-1 (Groundball, 34)
Batting: LHB Magali Lenidas 0-0: SINGLE (Line Drive, 34)
Batting: RHB David Ramírez 0-0: Ball
1-0: Foul Ball, location: 2F
1-1: Ball
2-1: Swinging Strike
2-2: Strikes out swinging
Bottom of the 2nd over - 0 run(s), 1 hit(s), 0 error(s), 1 left on base; Capital District 0 - Montana 0
TOP OF THE 3RD
Capital District Red Knights batting - Pitching for Montana Pandas : RHP Sexto Rodríguez
Batting: RHB Pedro Álvarez 0-0: Ball
1-0: Fly out, F8 (Flyball, 8LM)
Batting: LHB Arturo Hernández 0-0: Called Strike
0-1: Ball
1-1: Ground out 4-3 (Groundball, 4)
Batting: SHB Bernardo Hernández 0-0: Called Strike
0-1: Ball
1-1: Foul Ball, location: 2F
1-2: Ground out 4-3 (Groundball, 4)
Top of the 3rd over - 0 run(s), 0 hit(s), 0 error(s), 0 left on base; Capital District 0 - Montana 0
BOTTOM OF THE 3RD
Montana Pandas batting - Pitching for Capital District Red Knights : LHP Luis Peña
Batting: RHB Jian-zhang Phan 0-0: Called Strike
0-1: Swinging Strike
0-2: Strikes out swinging
Batting: LHB Chris Etheridge 0-0: Fly out, F9 (Line Drive, 9LS)
Batting: RHB Gabriel Maldonado 0-0: Ball
1-0: Foul Ball, location: 2F
1-1: Ball
2-1: Foul Ball, location: 2F
2-2: SINGLE (Line Drive, 78M)
Batting: SHB Mauro López 0-0: Ball
1-0: Called Strike
1-1: Ball
2-1: Swinging Strike
2-2: Reached on error, E5 (Groundball, 56)
Gabriel Maldonado to second
Batting: LHB Mario Cruz 0-0: Foul Ball, location: 2F
0-1: Called Strike
0-2: Ball
1-2: Fly out, F7 (Flyball, 78S)
Bottom of the 3rd over - 0 run(s), 1 hit(s), 1 error(s), 2 left on base; Capital District 0 - Montana 0
TOP OF THE 4TH
Capital District Red Knights batting - Pitching for Montana Pandas : RHP Sexto Rodríguez
Batting: SHB Joreão Canosa 0-0: SOLO HOME RUN (Flyball, 9LD), Distance : 342 ft
Batting: RHB José Paz 0-0: Ball
1-0: Ground out 6-3 (Groundball, 6)
Batting: RHB Sergio Ortíz 0-0: Ball
1-0: SINGLE (Groundball, 34D)
Batting: RHB Chris Costa 0-0: Ball
1-0: Called Strike
1-1: Fly out, F8 (Flyball, 8LM)
Batting: LHB Mike Cook 0-0: Ball
1-0: Called Strike
1-1: Fly out, F7 (Flyball, 7LSF)
Top of the 4th over - 1 run(s), 2 hit(s), 0 error(s), 1 left on base; Capital District 1 - Montana 0
BOTTOM OF THE 4TH
Montana Pandas batting - Pitching for Capital District Red Knights : LHP Luis Peña
Batting: LHB Andrés Chávez 0-0: Ball
1-0: Called Strike
1-1: Ball
2-1: SINGLE (Groundball, 4MD)
Batting: RHB Mario Piña 0-0: Ball
1-0: Foul Ball, location: 2F
1-1: Foul Ball, location: 2F
1-2: Fly out, F9 (Flyball, 9)
Batting: LHB Magali Lenidas 0-0: Called Strike
0-1: Ball
1-1: Foul Ball, location: 2F
1-2: Ball
2-2: Foul Ball, location: 2F
2-2: Strikes out looking
Batting: RHB David Ramírez 0-0: Foul Ball, location: 2F
0-1: Ball
1-1: Foul Ball, location: 2F
1-2: Foul Ball, location: 2F
1-2: Ball
2-2: 2-RUN HOME RUN (Flyball, 7D), Distance : 370 ft
Batting: RHB Jian-zhang Phan 0-0: Ball
1-0: Ball
2-0: Ground out 6-3 (Groundball, 6)
Bottom of the 4th over - 2 run(s), 2 hit(s), 0 error(s), 0 left on base; Capital District 1 - Montana 2
TOP OF THE 5TH
Capital District Red Knights batting - Pitching for Montana Pandas : RHP Sexto Rodríguez
Batting: RHB Alfonso Enríquez 0-0: Called Strike
0-1: Ball
1-1: Swinging Strike
1-2: Foul Ball, location: 2F
1-2: Strikes out swinging
Batting: RHB Pedro Álvarez 0-0: Ball
1-0: SINGLE (Popup, 5D)
Batting: LHB Arturo Hernández 0-0: Foul Ball, location: 2F
0-1: Ball
1-1: Swinging Strike
1-2: Foul Ball, location: 2F
1-2: Foul Ball, location: 2F
1-2: Ball
2-2: Ball
3-2: Fielders Choice at 2nd, 4-6 (Groundball, 34)
Batting: SHB Bernardo Hernández 0-0: Called Strike
0-1: Swinging Strike
0-2: Ball
1-2: Fly out, F9 (Line Drive, 9LM)
Top of the 5th over - 0 run(s), 1 hit(s), 0 error(s), 1 left on base; Capital District 1 - Montana 2
BOTTOM OF THE 5TH
Montana Pandas batting - Pitching for Capital District Red Knights : LHP Luis Peña
Batting: LHB Chris Etheridge 0-0: Called Strike
0-1: Ball
1-1: Called Strike
1-2: Foul Ball, location: 2F
1-2: Ball
2-2: Fly out, F4 (Popup, 34D)
Batting: RHB Gabriel Maldonado 0-0: Ball
1-0: Foul Ball, location: 2F
1-1: Ground out 5-3 (Groundball, 56)
Batting: SHB Mauro López 0-0: Ball
1-0: Ball
2-0: Called Strike
2-1: Ground out 6-3 (Groundball, 6)
Bottom of the 5th over - 0 run(s), 0 hit(s), 0 error(s), 0 left on base; Capital District 1 - Montana 2
TOP OF THE 6TH
Capital District Red Knights batting - Pitching for Montana Pandas : RHP Sexto Rodríguez
Batting: SHB Joreão Canosa 0-0: Called Strike
0-1: SINGLE (Groundball, 6MD)
Batting: RHB José Paz 0-0: Called Strike
0-1: Bunted foul
0-2: Ball
1-2: Ball
2-2: Fly out, F8 (Line Drive, 8RS)
Batting: RHB Sergio Ortíz 0-0: Ball
1-0: Swinging Strike
1-1: Foul Ball, location: 2F
1-2: Foul Ball, location: 2F
1-2: Ball
2-2: SINGLE (Groundball, 4D)
Joreão Canosa to second
Runner from 2nd tries for 3rd, SAFE, throw made to third
Batting: RHB Chris Costa 0-0: 3-RUN HOME RUN (Flyball, 7LD), Distance : 337 ft
Batting: LHB Mike Cook 0-0: Ball
1-0: Ball
2-0: Ball
3-0: Base on Balls
Batting: RHB Alfonso Enríquez 0-0: Called Strike
0-1: Ball
1-1: Called Strike
1-2: Strikes out swinging
Batting: RHB Pedro Álvarez 0-0: Ball
1-0: Ball
2-0: SINGLE (Flyball, 9LS)
Mike Cook to second
Runner from 2nd tries for 3rd, SAFE, throw made to third
Batting: LHB Arturo Hernández 0-0: Fielders Choice at 2nd, 4-6 (Groundball, 34)
Top of the 6th over - 3 run(s), 4 hit(s), 0 error(s), 1 left on base; Capital District 4 - Montana 2
BOTTOM OF THE 6TH
Montana Pandas batting - Pitching for Capital District Red Knights : LHP Luis Peña
Batting: LHB Mario Cruz 0-0: Foul Ball, location: 2F
0-1: Swinging Strike
0-2: Fly out, F9 (Flyball, 89D)
Batting: LHB Andrés Chávez 0-0: Ball
1-0: Ball
2-0: Ball
3-0: Called Strike
3-1: Base on Balls
Batting: RHB Mario Piña 0-0: Called Strike
0-1: Ball
1-1: Fielders Choice at 2nd, 6-4 (Groundball, 6)
Batting: LHB Magali Lenidas 0-0: Swinging Strike
0-1: Foul Ball, location: 2F
0-2: Ball
1-2: Ball
2-2: Fly out, F9 (Line Drive, 9)
Bottom of the 6th over - 0 run(s), 0 hit(s), 0 error(s), 1 left on base; Capital District 4 - Montana 2
TOP OF THE 7TH
Capital District Red Knights batting - Pitching for Montana Pandas : RHP Sexto Rodríguez
Batting: SHB Bernardo Hernández 0-0: Foul Ball, location: 2F
0-1: Fly out, F7 (Flyball, 7)
Batting: SHB Joreão Canosa 0-0: Ball
1-0: Called Strike
1-1: Ball
2-1: Foul Ball, location: 2F
2-2: Foul Ball, location: 2F
2-2: Strikes out looking
Batting: RHB José Paz 0-0: Ground out 6-3 (Groundball, 6)
Top of the 7th over - 0 run(s), 0 hit(s), 0 error(s), 0 left on base; Capital District 4 - Montana 2
BOTTOM OF THE 7TH
Montana Pandas batting - Pitching for Capital District Red Knights : LHP Luis Peña
Batting: RHB David Ramírez 0-0: Ground out 6-3 (Groundball, 6M)
Batting: RHB Jian-zhang Phan 0-0: Called Strike
0-1: Ball
1-1: Ball
2-1: Fly out, F7 (Flyball, 7D)
Batting: LHB Chris Etheridge 0-0: Foul Ball, location: 2F
0-1: Swinging Strike
0-2: Foul Ball, location: 2F
0-2: Ball
1-2: Foul Ball, location: 2F
1-2: Strikes out swinging
Bottom of the 7th over - 0 run(s), 0 hit(s), 0 error(s), 0 left on base; Capital District 4 - Montana 2
TOP OF THE 8TH
Capital District Red Knights batting - Pitching for Montana Pandas : RHP Sexto Rodríguez
Pitching: RHP Shi-lin Li
Batting: RHB Sergio Ortíz 0-0: Ball
1-0: Called Strike
1-1: Swinging Strike
1-2: Ball
2-2: Foul Ball, location: 2F
2-2: Fly out, F8 (Flyball, 8RXD)
Batting: RHB Chris Costa 0-0: Called Strike
0-1: Called Strike
0-2: Foul Ball, location: 2F
0-2: Ball
1-2: Ground out 4-3 (Groundball, 4MS)
Batting: LHB Mike Cook 0-0: Ball
1-0: Foul Ball, location: 2F
1-1: Foul Ball, location: 2F
1-2: Foul Ball, location: 2F
1-2: Strikes out looking
Top of the 8th over - 0 run(s), 0 hit(s), 0 error(s), 0 left on base; Capital District 4 - Montana 2
BOTTOM OF THE 8TH
Montana Pandas batting - Pitching for Capital District Red Knights : LHP Luis Peña
Batting: RHB Gabriel Maldonado 0-0: Ball
1-0: Foul Ball, location: 2F
1-1: Ball
2-1: Ball
3-1: Base on Balls
Batting: SHB Mauro López 0-0: Ball
1-0: Ball
2-0: Called Strike
2-1: Foul Ball, location: 2F
2-2: Foul Ball, location: 2F
2-2: Foul Ball, location: 2F
2-2: Ball
3-2: SINGLE (Line Drive, 9LS)
Gabriel Maldonado to second
Runner from 2nd tries for 3rd, SAFE, throw made to third
Pitching: RHP Oswaldo Mobray
Now in RF: Jesús Reyes
Batting: LHB Mario Cruz 0-0: Called Strike
0-1: Grounds into double play, 4-6-3 (Groundball, 4)
Gabriel Maldonado scores
Pitching: RHP Ánibal Rivera
Batting: LHB Andrés Chávez 0-0: Called Strike
0-1: Ball
1-1: Fly out, F8 (Flyball, 8RM)
Bottom of the 8th over - 1 run(s), 1 hit(s), 0 error(s), 0 left on base; Capital District 4 - Montana 3
TOP OF THE 9TH
Capital District Red Knights batting - Pitching for Montana Pandas : RHP Shi-lin Li
Batting: RHB Alfonso Enríquez 0-0: Swinging Strike
0-1: Ball
1-1: Called Strike
1-2: Ball
2-2: Strikes out looking
Batting: RHB Pedro Álvarez 0-0: Ball
1-0: Ball
2-0: Foul Ball, location: 2F
2-1: Swinging Strike
2-2: Strikes out looking
Batting: LHB Arturo Hernández 0-0: Called Strike
0-1: Foul Ball, location: 2F
0-2: Foul Ball, location: 2F
0-2: Ball
1-2: Ball
2-2: Strikes out swinging
Top of the 9th over - 0 run(s), 0 hit(s), 0 error(s), 0 left on base; Capital District 4 - Montana 3
BOTTOM OF THE 9TH
Montana Pandas batting - Pitching for Capital District Red Knights : RHP Ánibal Rivera
Pitching: LHP Miguel Toro
Batting: RHB Mario Piña 0-0: Called Strike
0-1: Ball
1-1: Ball
2-1: Foul Ball, location: 2F
2-2: Ball
3-2: Foul Ball, location: 2F
3-2: Ground out 4-3 (Groundball, 4M)
Batting: LHB Magali Lenidas 0-0: Ball
1-0: Ball
2-0: Called Strike
2-1: Called Strike
2-2: Strikes out swinging
Batting: RHB David Ramírez 0-0: Swinging Strike
0-1: Ball
1-1: Ball
2-1: Ball
3-1: Called Strike
3-2: Ground out 4-3 (Groundball, 4)
Bottom of the 9th over - 0 run(s), 0 hit(s), 0 error(s), 0 left on base; Capital District 4 - Montana 3
Friday, December 30th, 2016 - OOTP Baseball 17.12 Build 75